 Dungeon Crawl Stone Soup version 0.31.0-9-g3a7656b989 (webtiles) character file.

Game seed: 14453202292768695703

53 qw the Shooter (level 3, -1/20 HPs)
             Began as a Deep Elf Hunter on Feb 3, 2024.
             Incinerated by a bombardier beetle (3 damage)
             ... with a burning spray
             ... on level 2 of the Dungeon.
             The game lasted 00:00:17 (1131 turns).

qw the Shooter (Deep Elf Hunter)                    Turns: 1131, Time: 00:00:18

Health: -1/20      AC:  5    Str: 10    XL:     3   Next: 62%
Magic:  5/5        EV: 11    Int: 13    God:
Gold:   166        SH:  0    Dex: 18    Spells: 2/2 levels left

rFire   . . .        a - +0 shortbow
rCold   . . .        (shield currently unavailable)
rNeg    . . .        g - +0 ring mail
rPois   .            (no helmet)
rElec   .            (no cloak)
rCorr   .            (no gloves)
SInv    .            (no boots)
Will    .....        (no amulet)
Stlth   +            (no ring)
HPRegen 0.23/turn    (no ring)
MPRegen 0.09/turn

%: no passive effects
@: on fire, glowing
A: no striking features
a: no special abilities


You were on level 2 of the Dungeon.
You visited 1 branch of the dungeon, and saw 2 of its levels.

You collected 166 gold pieces.


   Skills:
 - Level 1.5 Fighting
 + Level 7.1 Ranged Weapons
 - Level 2.4 Dodging
 - Level 1.2 Stealth


You had 2 spell levels left.
You didn't know any spells.
Your spell library was empty.

Inventory:

Hand Weapons
 a - a +0 shortbow (weapon)
Armour
 g - a +0 ring mail (worn)
Scrolls
 b - a scroll of fear {unknown}
 f - a scroll of revelation {unknown}
Potions
 c - a potion of brilliance {unknown}
 d - a potion of haste
 e - a potion of mutation
 i - 2 potions of might

Dungeon Overview and Level Annotations

Branches:
Dungeon (2/15)

Altars:


Message History

Jessica is severely wounded.
You shoot an arrow. The arrow closely misses Jessica.
Jessica casts a spell.
Jessica blinks!
You shoot an arrow. The arrow barely misses Jessica.
Jessica points at you and mumbles some strange words.
You resist with some effort.
You shoot an arrow. The arrow closely misses Jessica.
You shoot an arrow. The arrow hits Jessica.
You kill Jessica!
Your Ranged Weapons skill increases to level 7!
You have reached level 3!
Your experience leads to an increase in your attributes!
Increase (S)trength, (I)ntelligence, or (D)exterity?
You feel stronger. x2
You see here 3 stones.
A bombardier beetle comes into view.
Enter note: You shoot an arrow.
The arrow hits the bombardier beetle but does no damage.
The bombardier beetle sprays incendiary fluid at you.
The burning spray hits you.
You are covered in liquid fire!
You shoot an arrow.
The arrow barely misses the bombardier beetle.
The liquid fire burns you!
You shoot an arrow. The arrow hits the bombardier beetle!
The bombardier beetle is moderately wounded.
The liquid fire burns you!
You shoot an arrow.
The arrow barely misses the bombardier beetle.
The liquid fire burns you!
You shoot an arrow.
The arrow hits the bombardier beetle but does no damage.
The bombardier beetle is moderately wounded.
The liquid fire burns you!
You shoot an arrow. The arrow hits the bombardier beetle.
The bombardier beetle is heavily wounded.
The liquid fire burns you!
You die...

##.## ##.## ............
#.## ##.# .# ####........
##.## ##.## .# #........
##.###.## .# #.##.####
##.#.## .#######.##.# #
.# ##.## .##.........# #
.# #.# .##.####.#### #
.##
#.########B...........# #
<.#
##....:...@.....###.##.##
# ..# ###...(....####...#
#.#...###
..###.#.######.# ##
#.<....## ..##....####
#.# #......>.
..#.........##.#
#......##
........###.##.# #.#...##
..###.#.# #.# #.##.####
..# ###.# #.# #........
..# #.# ..# #.#####..


You could see a bombardier beetle.

Vanquished Creatures
  Jessica (D:2)
  4 ball pythons
  4 endoplasms
  A giant cockroach (D:1)
  2 hobgoblins
  2 quokkas
  2 bats (D:2)
  A frilled lizard (D:1)
  A kobold (D:1)
  8 rats
26 creatures vanquished.

Notes
Turn   | Place    | Note
-------+----------+-------------------------------------------
     0 | D:1      | qw the Deep Elf Hunter began the quest for the Orb.
     0 | D:1      | Reached XP level 1. HP: 12/12 MP: 3/3
     0 | D:1      | 0 ||| qw: Version: 0.3-a-155-g5e7d8dd
     0 | D:1      | 0 ||| qw: Game counter: 2889
     0 | D:1      | 0 ||| qw: Melee chars always use a shield: true
     0 | D:1      | 0 ||| qw: God list: Okawaru
     0 | D:1      | 0 ||| qw: Allow faded altars: false
     0 | D:1      | 0 ||| qw: Do Orc after clearing Dungeon:15 true
     0 | D:1      | 0 ||| qw: Do second Lair branch before Depths: true
     0 | D:1      | 0 ||| qw: Lair rune preference: random
     0 | D:1      | 0 ||| qw: Goals: Normal
     0 | D:1      | 0 ||| PLANNING D:1-11
   331 | D:1      | Reached XP level 2. HP: 16/16 MP: 4/4
   532 | D:1      | Reached skill level 6 in Ranged Weapons
   662 | D:1      | 662 ||| UPGRADING to +0 ring mail.
   672 | D:1      | 672 ||| DROPPING +0 leather armour.
   673 | D:1      | 673 ||| READING 3 scrolls labelled MYBIFA HOU.
   673 | D:1      | 673 ||| IDENTIFYING orange potion
   674 | D:1      | 674 ||| READING 2 scrolls of identify.
   674 | D:1      | 674 ||| IDENTIFYING viscous ruby potion
   675 | D:1      | 675 ||| READING scroll of identify.
   675 | D:1      | 675 ||| IDENTIFYING clear potion
   676 | D:1      | 676 ||| DRINKING 2 viscous white potions.
   677 | D:1      | 677 ||| DROPPING scroll of butterflies.
   678 | D:1      | 678 ||| DROPPING potion of invisibility.
  1097 | D:2      | Noticed Jessica
  1102 | D:2      | Killed Jessica
  1103 | D:2      | Reached skill level 7 in Ranged Weapons
  1103 | D:2      | Reached XP level 3. HP: 20/20 MP: 5/5
  1130 | D:2      | HP: 2/20 [burnt (5)]
  1131 | D:2      | Incinerated by a bombardier beetle

Levels and vault maps discovered:
D:1:      ebering_trefoil_twist, layout_loops_cross, dk_noncrumbling_3,
          skrybe_limestone_x, dreamdust_wishing_well
D:2:      layout_loops_ring, uniq_jessica

Skill      XL: |  1  2 |
---------------+-------+-----
Ranged Weapons | 7 |  7.1
Fighting       | |  1.5
Dodging        | |  2.4
Stealth        | |  1.2

Action                     || total
---------------------------++-------
   Fire: Shortbow          ||    62
    Use: Scroll            ||     3
         Potion            ||     1
 Armour: Leather armour    ||     3
         Ring mail         ||     5
  Dodge: Dodged            ||    13

Table legend:
 A = Non-vault XP
 B = Vault XP
 C = Vault XP percentage of total XP
 D = Non-vault monster count
 E = Vault monster count
 F = Vault count percentage of total count
                 A         B        C        D         E       F
            +---------+---------+-------+---------+---------+-------
      Total |      39 |      37 |  48.7 |      25 |       1 |   3.8
            +---------+---------+-------+---------+---------+-------
        D:1 |      15 |       0 |   0.0 |      10 |       0 |   0.0
        D:2 |      24 |      37 |  60.7 |      15 |       1 |   6.2
            +---------+---------+-------+---------+---------+-------
